 Dungeon Crawl Stone Soup version 0.28.0-53-g5a82cb258f (webtiles) character file.

Game seed: 2279288311344788937

3121 Erina the Cleaver (level 9, -2/78 HPs)
             Began as a Minotaur Berserker on Aug 20, 2022.
             Was an Elder of Trog.
             Slain by Erica
             ... wielding a +1 scimitar of flaming
              (3 damage)
             ... on level 8 of the Dungeon.
             The game lasted 00:29:54 (7553 turns).

Erina the Cleaver (Minotaur Berserker)              Turns: 7553, Time: 00:29:55

Health: -2/78      AC: 19    Str: 25    XL:     9   Next: 60%
Magic:  8/8        EV:  8    Int: 12    God:    Trog [****..]
Gold:   377        SH:  0    Dex:  9    Spells: 8/8 levels left

rFire   . . .      SeeInvis .   N - +0 battleaxe (drain)
rCold   . . .      Faith    .   (shield currently unavailable)
rNeg    . . .      Spirit   .   p - +0 plate armour
rPois   .          Reflect  .   q - +1 hat
rElec   .          Harm     .   O - +2 cloak
rCorr   .          Rampage  .   (no gloves)
Will    ++...                   v - +0 pair of boots
Stlth   ..........              (no amulet)
HPRegen 1.23/turn               m - +6 ring of intelligence
MPRegen 0.11/turn               (no ring)

@: lethally poisoned (-2 -> -2), strong-willed, regenerating
A: horns 2, retaliatory headbutt
a: Renounce Religion, Berserk, Trog's Hand, Brothers in Arms


You were on level 8 of the Dungeon.
You worshipped Trog.
Trog was greatly pleased with you.
You visited 2 branches of the dungeon, and saw 9 of its levels.

You collected 416 gold pieces.
You spent 39 gold pieces at shops.

Inventory:

Hand Weapons
 f - a +2 quarterstaff of chaos
 g - a +0 flail
 N - a +0 battleaxe of draining (weapon)
Missiles
 k - 9 javelins (quivered)
 y - 7 boomerangs
 J - a throwing net
 R - 5 poisoned darts
Armour
 p - a +0 plate armour (worn)
 q - a +1 hat (worn)
 v - a +0 pair of boots (worn)
 I - the +2 leather armour "Xyfoi" {rCorr Dex+2}
   (You found it on level 5 of the Dungeon)

   Dex:       It affects your dexterity (+2).
   rCorr:     It protects you from acid and corrosion.
 O - a +2 cloak (worn)
Jewellery
 m - a +6 ring of intelligence (left hand)
 s - a ring of magical power
 B - an amulet of guardian spirit
 F - a ring of resist corrosion
 L - a +4 ring of evasion
Wands
 r - a wand of flame (25)
 G - a wand of iceblast (6)
 M - a wand of digging (8)
 P - a wand of mindburst (5)
 Q - a wand of polymorph (5)
Scrolls
 a - a scroll of enchant weapon {unknown}
 b - 2 scrolls of silence
 j - a scroll of enchant armour {unknown}
 t - a scroll of acquirement {unknown}
 x - a scroll of summoning {unknown}
 z - 2 scrolls of identify
 C - 3 scrolls of fear
 E - a scroll of teleportation
 S - a scroll of magic mapping {unknown}
Potions
 c - 2 potions of magic {unknown}
 d - a potion of haste {unknown}
 e - 4 potions of lignification
 h - 7 potions of curing
 i - 2 potions of berserk rage {unknown}
 l - a potion of attraction {unknown}
 n - a potion of degeneration {unknown}
 o - 2 potions of cancellation {unknown}
 u - a potion of resistance {unknown}
 w - a potion of brilliance {unknown}
 A - a potion of flight
 D - a potion of might
 H - a potion of mutation {unknown}
 K - a potion of heal wounds {unknown}
 T - a potion of ambrosia {unknown}


   Skills:
 + Level 6.8 Fighting
 * Level 12.8 Axes
 * Level 9.0 Armour
 - Level 2.1 Dodging


You had 8 spell levels left.
You didn't know any spells.
Your spell library was empty.

Dungeon Overview and Level Annotations

Branches:
Dungeon (8/15)             Temple (1/1) D:4
   Lair: D:8-11

Altars:
Cheibriados
Dithmenos
Elyvilon
Fedhas
Gozag
Hepliaklqana
Kikubaaqudgha
Nemelex Xobeh
Okawaru
Qazlal
Ru
Sif Muna
Trog
Uskayaw
Vehumet
Xom
Yredelemnul
Zin
The Shining One

Shops:
D:4 :   D:6 !

Annotations:
D:3 2 transporters, UMR1352's ghost, amateur OpWz
D:8 Erica


Innate Abilities, Weirdness & Mutations

You have a pair of horns on your head.
You reflexively headbutt those who attack you in melee.


Message History

Erica flickers and vanishes!
Deactivating autopickup; reactivate with Ctrl-A.
There is a strange disturbance nearby!
You slash something! You headbutt something. Something hits you.
Something burns you.
You barely miss something. Something hits you. Something burns you.
You barely miss something. You headbutt something.
Something hits you but does no damage.
You closely miss something. Your headbutt misses something. Something hits you!
Something burns you.
You miss something.
You hear some strange, mumbled words.
A bolt of poison appears from out of thin air!
The bolt of poison hits you!
You are poisoned.
You barely miss something.
You feel very sick. Something hits you. Something burns you.
Your skin crawls.
You feel strong-willed.
You feel very sick. Something hits you. Something burns you.
You miss something.
You feel very sick. Something hits you but does no damage.
You barely miss something.
You feel sick. Something hits you.
* * * LOW HITPOINT WARNING * * *
Something burns you.
* * * LOW HITPOINT WARNING * * *
You barely miss something.
You feel sick. Something hits you but does no damage.
You barely miss something. Your headbutt misses something.
You feel sick. Something hits you!
* * * LOW HITPOINT WARNING * * *
Something burns you.
* * * LOW HITPOINT WARNING * * *
Something hits you.
* * * LOW HITPOINT WARNING * * *
Something burns you.
You die...

..# #..#..####### ..#
##.#..# ..# #.†...# ..#
###..##.# ..#
##.....#.## ..#
##..###....#### ..##
#..## ###.....# #
..)#####.## #.###.....
#.)).....# #@####....
..†......# ###{#.......
#.##..#.## #.....)# ..
#......... #......# #
......#...# #......#
......##..####......##
...)..............(....
....................###
........#........<..#


There were no monsters in sight!

Vanquished Creatures
  Pikel (D:6)
  The ghost of KamiKatze the Cleaver, a novice GrBe of Trog (D:7)
  A water moccasin (D:7)
  A black bear (D:6)
  3 ice beasts
  2 ogres
  2 orc warriors
  A centaur (D:3)
  Blork the orc (D:6)
  4 lemures (D:6)
  A scorpion (D:4)
  2 bullfrogs
  A wyvern zombie (D:8)
  A wyvern skeleton (D:6)
  A howler monkey (D:8)
  2 bullfrog zombies
  2 centaur zombies
  Crazy Yiuf (D:6)
  A jelly (D:6)
  A bullfrog skeleton (D:5)
  3 hounds
  An orc priest (D:5)
  2 centaur skeletons
  5 iguanas
  5 orc wizards (D:7)
  2 killer bee zombies
  Robin (D:4)
  3 adders
  A howler monkey skeleton (D:7)
  2 white imps
  2 adder skeletons
  5 worms
  6 dart slugs
  12 orcs
  10 bats
  5 endoplasms
  3 giant cockroaches
  18 goblins
  9 hobgoblins
  4 jackals (D:1)
  6 quokkas
  10 ball pythons
  5 frilled lizards
  7 kobolds
  7 rats
164 creatures vanquished.

Notes
Turn   | Place    | Note
-------+----------+-------------------------------------------
     0 | D:1      | Erina the Minotaur Berserker began the quest for the Orb.
     0 | D:1      | Reached XP level 1. HP: 19/19 MP: 0/0
   187 | D:1      | Reached skill level 4 in Axes
   250 | D:1      | Reached XP level 2. HP: 27/27 MP: 1/1
   803 | D:1      | Reached XP level 3. HP: 33/33 MP: 2/2
   805 | D:1      | Reached ** piety under Trog
  1057 | D:2      | Found a faded altar of an unknown god.
  1201 | D:2      | Reached skill level 5 in Axes
  1652 | D:3      | Reached XP level 4. HP: 27/41 MP: 3/3
  2031 | D:3      | Noticed a centaur
  2038 | D:3      | Killed a centaur
  2039 | D:3      | Reached skill level 6 in Axes
  2039 | D:3      | Reached XP level 5. HP: 30/47 MP: 4/4
  2394 | D:3      | Found a transporter.
  2402 | D:3      | Noticed UMR1352's ghost (amateur OpWz)
  2403 | D:3      | Found a transporter.
  2404 | D:3      | Identified the +4 great mace "Yzaocep" {vorpal, rElec rN+
                  | Int-5 Stlth+}
  2404 | D:3      | Noticed an ogre
  2616 | D:3      | Reached *** piety under Trog
  2891 | D:4      | Noticed Robin
  2901 | D:4      | Killed Robin
  2981 | D:4      | Found a staircase to the Ecumenical Temple.
  2990 | Temple   | Entered the Ecumenical Temple
  3097 | D:4      | Found Nuakik's Book Shoppe.
  3354 | D:4      | Reached skill level 7 in Axes
  3354 | D:4      | Reached XP level 6. HP: 29/53 MP: 5/5
  4470 | D:5      | Entered Level 5 of the Dungeon
  4470 | D:5      | Noticed an ice beast
  4478 | D:5      | Killed an ice beast
  4654 | D:5      | Reached skill level 5 in Fighting
  4654 | D:5      | Reached skill level 8 in Axes
  4654 | D:5      | Reached XP level 7. HP: 61/61 MP: 6/6
  4909 | D:5      | Identified the +2 leather armour "Xyfoi" {rCorr Dex+2}
  4932 | D:5      | Reached skill level 5 in Armour
  5177 | D:5      | Found an ancient bone altar of Kikubaaqudgha.
  5177 | D:5      | Found a stormy altar of Qazlal.
  5177 | D:5      | Found a glowing golden altar of the Shining One.
  5177 | D:5      | Found a shadowy altar of Dithmenos.
  5242 | D:5      | Found an opulent altar of Gozag.
  5243 | D:5      | Found a snail-covered altar of Cheibriados.
  5387 | D:6      | Reached **** piety under Trog
  5388 | D:6      | Reached skill level 9 in Axes
  5613 | D:6      | Found Fian's Distillery.
  5628 | D:6      | Bought a potion of curing for 39 gold pieces
  5840 | D:6      | Reached XP level 8. HP: 62/69 MP: 7/7
  6010 | D:6      | Noticed Pikel
  6065 | D:6      | Killed Pikel
  6066 | D:6      | Reached skill level 10 in Axes
  6310 | D:6      | Noticed Blork the orc
  6317 | D:6      | Killed Blork the orc
  6492 | D:6      | Found a runed translucent door.
  6493 | D:6      | Noticed Crazy Yiuf
  6499 | D:6      | Killed Crazy Yiuf
  6634 | D:7      | Reached skill level 11 in Axes
  6673 | D:7      | Reached XP level 9. HP: 72/75 MP: 8/8
  6748 | D:7      | Found an iron altar of Okawaru.
  6913 | D:7      | Found a large runed translucent door.
  6913 | D:7      | Found a large runed translucent door.
  6915 | D:7      | Noticed KamiKatze's ghost (novice GrBe)
  7266 | D:7      | Killed KamiKatze's ghost
  7267 | D:7      | Reached skill level 12 in Axes
  7539 | D:8      | Noticed Erica
  7553 | D:8      | HP: 1/78 [something (6)]
  7553 | D:8      | Slain by Erica

Illustrated notes

Levels and vault maps discovered:
D:1:      amcnicky_arrival_choice, layout_basic,
          nicolae_concentric_dashed_squares_wild
D:2:      layout_rooms, shapermc_ecumenical_altar_venn, chequers_jeans
D:3:      minmay_thinvault, layout_basic, gammafunk_ghost_smash,
          minmay_box_of_dots
D:4:      layout_layer_cave, minmay_temple_entry_butterflies, serial_shops,
          shop_fountains, chequers_arboretum, uniq_robin
D:5:      layout_loops_ring, minmay_overflow_temple_hex
D:6:      layout_gridville, nicolae_stop_n_shop_1, minmay_stone_trees_small,
          uniq_blork_the_orc, uniq_crazy_yiuf_cottage, uniq_pikel
D:7:      layout_basic, okawaru_trees_2, ebering_ghost_disaster_area,
          chequers_decorated_corner
D:8:      layout_rooms, uniq_erica
Temple:   nicolae_temple_hex_pool

Skill      XL: |  1  2  3  4  5  6  7  8  9 |
---------------+----------------------------+-----
Axes           | 4 5 6 7 8 9 11 12 | 12.8
Fighting       | 4 5 6 |  6.8
Armour         | 3 4 6 8 9 |  9.0
Dodging        | |  2.1

Action                   |  1- 3 |  4- 6 |  7- 9 || total
-------------------------+-------+-------+-------++-------
Melee: Hand axe          |   104 |   180 |   124 ||   408
       Punch             |     1 |       |       ||     1
       Headbutt          |    14 |    26 |    34 ||    74
       Battleaxe         |       |       |    77 ||    77
Invok: Berserk           |       |       |     3 ||     3
       Trog's Hand       |       |       |     1 ||     1
  Use: Scroll            |       |       |     7 ||     7
Armor: Animal skin       |    16 |       |       ||    16
       Leather armour    |     6 |       |       ||     6
       Plate armour      |    23 |   120 |   131 ||   274
Dodge: Dodged            |    50 |    51 |    56 ||   157
Block: Buckler           |     3 |    20 |     8 ||    31
